 Dungeon Crawl Stone Soup version 0.32-a0-450-g080537f31e (webtiles) character file.

Game seed: 12927569228711968885

221 Bravepunisher the Ducker (level 5, -2/28 HPs)
             Began as a Spriggan Monk on Feb 23, 2024.
             Was a Believer of Okawaru.
             Slain by an iguana (14 damage)
             ... on level 5 of the Dungeon.
             The game lasted 00:09:12 (3411 turns).

Bravepunisher the Ducker (Spriggan Monk)            Turns: 3411, Time: 00:09:13

Health: -2/28      AC:  2    Str:  7    XL:     5   Next: 65%
Magic:  6/8        EV: 25    Int: 12    God:    Okawaru [**....]
Gold:   141        SH:  0    Dex: 19    Spells: 4/4 levels left

rFire   . . .        e - +3 quarterstaff
rCold   + . .        (shield currently unavailable)
rNeg    . . .        b - +0 robe
rPois   .            (helmet restricted)
rElec   .            (no cloak)
rCorr   .            (gloves unavailable)
SInv    +            (boots unavailable)
Will    .....        (no amulet)
Stlth   +++          k - ring of protection from cold
HPRegen 0.24/turn    (no ring)
MPRegen 0.11/turn

%: no passive effects
@: heroic, very quick
A: very small, no large weapons, unfitting armour, see invisible, speed 3
a: Renounce Religion, Heroism


You were on level 5 of the Dungeon.
You worshipped Okawaru.
Okawaru was pleased with you.
You visited 2 branches of the dungeon, and saw 6 of its levels.

You collected 141 gold pieces.

Inventory:

Hand Weapons
 e - a +3 quarterstaff (weapon)
Armour
 b - a +0 robe (worn)
Jewellery
 k - a ring of protection from cold (left hand)
Scrolls
 a - a scroll of enchant armour {unknown}
 d - a scroll of poison {unknown}
 f - a scroll of fear {unknown}
 g - a scroll of acquirement {unknown}
 h - 3 scrolls of identify {unknown}
 l - a scroll of amnesia {unknown}
 m - 2 scrolls of teleportation {unknown}
 r - a scroll of revelation {unknown}
Potions
 c - a potion of ambrosia
 i - 2 potions of resistance {unknown}
 j - a potion of curing {unknown}
 n - a potion of berserk rage {unknown}
 o - a potion of cancellation {unknown}
 p - a potion of haste {unknown}
 q - a potion of invisibility {unknown}
 s - a potion of lignification {unknown}


   Skills:
 + Level 3.3(8.3) Fighting
 - Level 3.2(8.2) Short Blades
 + Level 0.7(5.7) Armour
 + Level 5.4(10.4) Dodging
 * Level 3.5 Invocations


You had 4 spell levels left.
You didn't know any spells.
Your spell library was empty.

Dungeon Overview and Level Annotations

Branches:
Dungeon (5/15)             Temple (1/1) D:5

Altars:
Ashenzari
Cheibriados
Elyvilon
Fedhas
Gozag
Hepliaklqana
Kikubaaqudgha
Nemelex Xobeh
Okawaru
Qazlal
Ru
Trog
Uskayaw
Wu Jian
Xom
Yredelemnul
Zin
The Shining One

Shops:
D:5 [

Annotations:
D:3 3 runed translucent doors, jasper's ghost, amateur CoCK
D:4 Blork the orc


Innate Abilities, Weirdness & Mutations

You are very small and have problems with some larger weapons.
You are too small for most types of armour.
You have supernaturally acute eyesight. (SInv)
You cover ground extremely quickly. (Speed+++)


Message History

There is a stone staircase leading down here.
You climb downwards.
There is a stone staircase leading up here.
The adder hisses angrily.
You hit the adder.
The adder is heavily wounded.
The adder misses you. x2
You hit the adder.
The adder is almost dead.
The adder bites you.
You are poisoned.
The adder poisons you! The adder bites you.
You sock the adder!
You kill the adder!
Okawaru accepts your kill.
You feel sick.
You feel sick.
You feel sick.
You are no longer poisoned.
HP restored.
An iguana comes into view.
The iguana hisses angrily.
You hit the iguana but do no damage. The iguana misses you.
You barely miss the iguana. The iguana bites you!
You hit the iguana.
The iguana is moderately wounded.
The iguana barely misses you. The iguana misses you.
You barely miss the iguana.
The iguana is moderately wounded.
The iguana barely misses you.
You hit the iguana.
The iguana is moderately wounded.
The iguana completely misses you.
You barely miss the iguana.
The iguana is moderately wounded.
The iguana bites you!
You gain the combat prowess of a mighty hero.
The iguana bites you!
Ouch! That really hurt!
You die...

...# ...# .
...##.. #.
.......
#.#######.....#
#.#.....#.....#
#.#.###.#l....#
#.#.##..@.....#
#.#.##........#
##.#.##........#
#.......#...##.#
###.######### #
#.# ########+
#.# #........
#.# #........
#.###........


You could see an iguana.

Vanquished Creatures
  A scorpion (D:4)
  2 orc wizards (D:4)
  5 adders
  2 dart slugs
  2 orcs (D:4)
  6 ball pythons
  4 bats
  3 endoplasms
  A giant cockroach (D:2)
  3 goblins
  5 hobgoblins (D:2)
  3 jackals (D:1)
  10 kobolds
  3 quokkas
  4 frilled lizards
  2 rats (D:2)
56 creatures vanquished.

Notes
Turn   | Place    | Note
-------+----------+-------------------------------------------
     0 | D:1      | Bravepunisher the Spriggan Monk began the quest for the
                  | Orb.
     0 | D:1      | Reached XP level 1. HP: 11/11 MP: 2/2
    69 | D:2      | Found a faded altar of an unknown god.
   135 | D:3      | Noticed jasper's ghost (amateur CoCK)
   176 | D:4      | Noticed an orc wizard
   183 | D:4      | Noticed an orc wizard
   187 | D:5      | Entered Level 5 of the Dungeon
   187 | D:5      | Noticed an iguana
   187 | D:5      | Noticed a bombardier beetle
   262 | D:5      | Found a staircase to the Ecumenical Temple.
   268 | Temple   | Entered the Ecumenical Temple
   282 | Temple   | Became a worshipper of Warmaster Okawaru
   282 | Temple   | Reached * piety under Okawaru
   282 | Temple   | Reached ** piety under Okawaru
   322 | D:5      | Found Leiskeng's Armour Shop.
   353 | D:4      | Noticed a scorpion
   383 | D:4      | Found an ornate altar of the Wu Jian Council.
   383 | D:4      | Found a basalt altar of Yredelemnul.
   388 | D:4      | Killed a scorpion
   389 | D:4      | Reached XP level 2. HP: 8/16 MP: 0/4
   389 | D:4      | Reached XP level 3. HP: 9/19 MP: 0/5
   579 | D:3      | Found a runed translucent gate.
   579 | D:3      | Found a runed translucent gate.
   582 | D:3      | Found a runed translucent gate.
   652 | D:2      | Reached XP level 4. HP: 23/23 MP: 6/6
  1136 | D:1      | Reached skill level 5 in Dodging
  2228 | D:3      | Found the +1 Delatra's gloves {ID++}
  2251 | D:3      | Found a sparkling altar of Nemelex Xobeh.
  2252 | D:3      | Found a shimmering altar of Xom.
  2369 | D:3      | Found a white marble altar of Elyvilon.
  2434 | D:3      | Found a snail-covered altar of Cheibriados.
  2619 | D:3      | Reached XP level 5. HP: 28/28 MP: 8/8
  3051 | D:4      | Noticed Blork the orc
  3294 | D:4      | Found a stormy altar of Qazlal.
  3297 | D:4      | Noticed an air elemental
  3299 | D:4      | Noticed a water elemental
  3299 | D:4      | Noticed a fire elemental
  3345 | D:4      | Noticed a two-headed ogre
  3411 | D:5      | Slain by an iguana

Illustrated notes

Levels and vault maps discovered:
D:1:      zaba_arrival_water, layout_basic, kennysheep_small_spiral
D:2:      layout_loops_ring, shapermc_ecumenical_altar_venn
D:3:      layout_loops_ring, elyvilon_altar_1,
          mainiacjoe_overflow_large_starburst, cheibriados_altar_1,
          gammafunk_ghost_icy, nicolae_underground_beach
D:4:      layout_cave_pods, nicolae_qazlal_style_of_elements,
          gammafunk_temple_overflow_elements, kennysheep_pointless_box,
          uniq_blork_the_orc
D:5:      layout_basic, chequers_temple_overflow_statue_of_worship,
          temple_green, serial_shops, shop, kennysheep_boxes, uniq_duvessa
Temple:   chequers_temple_sunken

Skill      XL: |  1  2  3  4 |
---------------+-------------+-----
Invocations    | 2 3 |  3.5
Fighting       | 3 |  3.3
Dodging        | 5 |  5.4
Short Blades   | |  3.2
Armour         | |  0.7

Action                     |  1- 3 |  4- 6 || total
---------------------------+-------+-------++-------
  Melee: Quarterstaff      |    13 |   140 ||   153
 Invoke: Heroism           |     1 |     2 ||     3
   Stab: Sleeping          |     1 |     5 ||     6
 Armour: Robe              |     5 |    45 ||    50
  Dodge: Dodged            |    13 |   134 ||   147

Table legend: (Time is in decaauts)
 A = Elapsed time spent in this place.
 B = Non-inter-level travel time spent in this place.
 C = Inter-level travel time spent in this place.
 D = Time resting spent in this place.
 E = Time spent auto-exploring this place.
 F = Levels seen in this place.
 G = Mean time per level.
                   A        B        C        D        E       F      G
               +--------+--------+--------+--------+--------+-----+--------+
         Total |   2283 |   2168 |    115 |      0 |   1552 |   6 |  380.5 |
       Dungeon |   2265 |   2165 |    100 |      0 |   1552 |   5 |  453.0 |
        Temple |     18 |      3 |     15 |      0 |      0 |   1 |   18.0 |
               +--------+--------+--------+--------+--------+-----+--------+

Top non-repeatable levels by time:
     D:2: 561 daAuts
     D:3: 546 daAuts
     D:1: 533 daAuts
     D:4: 488 daAuts
     D:5: 135 daAuts
  Temple: 18 daAuts
